 Dungeon Crawl Stone Soup version 0.28-b1-25-g9875b3fc8c (webtiles) character file.

Game seed: 10103407924328893216

26 Minsecho the Vexing (level 3, -1/20 HPs)
             Began as a Kobold Arcane Marksman on Feb 1, 2022.
             Slain by an adder (2 damage)
             ... on level 2 of the Dungeon.
             The game lasted 00:01:36 (1198 turns).

Minsecho the Vexing (Kobold Arcane Marksman)        Turns: 1198, Time: 00:01:37

Health: -1/20      AC:  3    Str:  7    XL:     3   Next: 22%
Magic:  4/4        EV: 14    Int: 14    God:
Gold:   22         SH:  0    Dex: 17    Spells: 3/4 levels left

rFire   . . .      SeeInvis .   a - +0 hand crossbow
rCold   . . .      Faith    .   (no shield)
rNeg    . . .      Spirit   .   j - +0 leather armour
rPois   .          Reflect  .   (no helmet)
rElec   .          Harm     .   (no cloak)
rCorr   .          Rampage  .   (no gloves)
Will    .....                   (no boots)
Stlth   ++........              (no amulet)
HPRegen 0.06/turn               (no ring)
MPRegen 0.09/turn               (no ring)

@: lethally poisoned (-1 -> -5)
A: small, no large weapons, nightstalker 3
a: no special abilities


You were on level 2 of the Dungeon.
You visited 1 branch of the dungeon, and saw 2 of its levels.

You collected 22 gold pieces.

Inventory:

Hand Weapons
 a - a +0 hand crossbow (weapon)
 g - a +0 dagger
Missiles
 c - 10 bolts (quivered ammo)
Armour
 d - a +0 robe
 j - a +0 leather armour (worn)
Scrolls
 h - a scroll of enchant armour {unknown}
 i - a scroll of vulnerability {unknown}
Potions
 b - a potion of mutation {unknown}
 e - a potion of resistance {unknown}
 f - a potion of attraction {unknown}


   Skills:
 + Level 1.1 Fighting
 + Level 3.0 Crossbows
 + Level 3.0 Dodging
 + Level 1.1 Spellcasting
 + Level 3.5 Hexes


You had 3 spell levels left.
You knew the following spells:

 Your Spells              Type           Power      Damage    Failure   Level
a - Slow                  Hex            40%        N/A       9%          1

Your spell library contained the following spells:

 Spells                   Type           Power      Damage    Failure   Level
 Inner Flame              Hex/Fire       5%         N/A       50%         3
 Portal Projectile        Hex/Tloc       10%        N/A       50%         3
 Cause Fear               Hex            5%         N/A       65%         4


Dungeon Overview and Level Annotations

Branches:
Dungeon (2/15)

Altars:


Innate Abilities, Weirdness & Mutations

You are small and have problems with some larger weapons.
You are completely attuned to the shadows.


Message History

You shoot a bolt. The bolt misses the adder.
The adder closely misses you. x2
Fire: 15 bolts
Press: ? - help, Q - select action, (/) - cycle Shift-Dir - straight line, f/p - adder
Aim: an adder (48% to hit)
You shoot a bolt. The bolt hits the adder.
The adder is heavily wounded.
The adder bites you.
You are poisoned.
The adder poisons you!
Fire: 14 bolts
Press: ? - help, Q - select action, (/) - cycle Shift-Dir - straight line, f/p - adder
Aim: an adder (heavily wounded, 48% to hit)
You shoot a bolt. The bolt closely misses the adder.
You feel sick. The adder bites you.
You are more poisoned.
The adder poisons you! The adder bites you.
Fire: 13 bolts
Press: ? - help, Q - select action, (/) - cycle Shift-Dir - straight line, f/p - adder
Aim: an adder (heavily wounded, 48% to hit)
You shoot a bolt. The bolt hits the adder.
The adder is almost dead.
* * * LOW HITPOINT WARNING * * *
You feel very sick. The adder bites you but does no damage.
The adder barely misses you.
Fire: 12 bolts
Press: ? - help, Q - select action, (/) - cycle Shift-Dir - straight line, f/p - adder
Aim: an adder (almost dead, 48% to hit)
You shoot a bolt. The bolt barely misses the adder.
* * * LOW HITPOINT WARNING * * *
You feel sick. The adder bites you.
* * * LOW HITPOINT WARNING * * *
The adder misses you.
Okay, then.
Fire: 11 bolts
Press: ? - help, Q - select action, (/) - cycle Shift-Dir - straight line, f/p - adder
Aim: an adder (almost dead, 48% to hit)
You shoot a bolt. The bolt barely misses the adder.
* * * LOW HITPOINT WARNING * * *
You feel sick. The adder bites you.
You die...

...........
#..#......#
##....<....
.....######
.##......
..#..#####
.<........
...#.#####
...#@# ..
#S....
#.....
#..(>.
.(##.#


You could see an adder.

Vanquished Creatures
  A gnoll (D:1)
  2 dart slugs (D:1)
  An endoplasm (D:1)
  2 goblins (D:1)
  2 hobgoblins (D:1)
  4 ball pythons (D:1)
  2 rats (D:1)
14 creatures vanquished.

Notes
Turn   | Place    | Note
-------+----------+-------------------------------------------
     0 | D:1      | Minsecho the Kobold Arcane Marksman began the quest for the
                  | Orb.
     0 | D:1      | Reached XP level 1. HP: 12/12 MP: 2/2
   239 | D:1      | Reached XP level 2. HP: 16/16 MP: 3/3
   618 | D:1      | Reached XP level 3. HP: 10/20 MP: 4/4
   799 | D:1      | Found a faded altar of an unknown god.
  1198 | D:2      | HP: 1/20 [poisoned by an adder]
  1198 | D:2      | Slain by an adder

Illustrated notes

Levels and vault maps discovered:
D:1:      wander_arrival_estate, layout_basic, ebering_ecumenical_altar_mist
D:2:      cheibrodos_helix_gallery, layout_rooms, serial_shops, shop_fountains

Skill      XL: |  1  2  3 |
---------------+----------+-----
Crossbows      | 3 |  3.0
Dodging        | 3 |  3.0
Fighting       | |  1.1
Spellcasting   | |  1.1
Hexes          | |  3.5

Action                   || total
-------------------------++-------
 Fire: Hand crossbow     ||    44
Armor: Robe              ||     2
       Leather armour    ||     1
Dodge: Dodged            ||    11
